 Dungeon Crawl Stone Soup version 0.16-b1 (webtiles) character file.

11461 datmedicine the Carver (level 11, -17/82 HPs)
             Began as a Minotaur Monk on Mar 3, 2015.
             Was a Priest of Ru.
             Killed from afar by an ice dragon (41 damage)
             ... with a blast of cold
             ... on level 1 of the Orcish Mines on Mar 4, 2015.
             The game lasted 01:20:35 (14212 turns).

datmedicine the Carver (Minotaur Monk)             Turns: 14212, Time: 01:20:35

Health: -17/82     AC: 17    Str: 19    XL:     11   Next: 49%
Magic:  0/13       EV:  4    Int: 11    God:    Ru [***...]
Gold:   731        SH: 15    Dex: 13    Spells: 1 memorised, 8 levels left

rFire  x . .     SeeInvis .     H - +6 falchion of the Viper {flame, rF- rN++ MP+9 Int+2}
rCold  . . .     Clarity  .     N - +0 plate armour
rNeg   + + .     SustAb   .     u - +0 large shield
rPois  .         Gourm    .     (helmet restricted)
rElec  .         Spirit   +     (no cloak)
rCorr  .         Warding  .     y - +0 pair of gloves
rMut   .         Stasis   .     B - +0 pair of boots
MR     +....                    o - amulet of guardian spirit
Stlth  ..........               O - +3 ring of protection
                                E - ring of protection from magic

@: somewhat resistant to hostile enchantments, extremely unstealthy
A: retaliatory headbutt, hooves 1, horns 2, clever 1, no stealth, hated by all,
no earth magic, no hexes magic, no summoning magic, vulnerability to harm 1,
disrupted magic 1, MP-powered wands 1
a: Draw Out Power, Renounce Religion


You were on level 1 of the Orcish Mines.
You worshipped Ru.
Ru was most pleased with you.
You were not hungry.

You visited 2 branches of the dungeon, and saw 13 of its levels.

You collected 951 gold pieces.
You spent 220 gold pieces at shops.

Inventory:

Hand weapons
 a - a +3 dire flail
 d - a +0 club
 g - a +0 hand axe
 i - a +0 blowgun
 q - a +1 short sword of protection
 H - the +6 falchion of the Viper (weapon) {flame, rF- rN++ MP+9 Int+2}
   (You found it on level 7 of the Dungeon)

   It has been specially enchanted to burn those struck by it, causing extra
   injury to most foes and up to half again as much damage against particularly
   susceptible opponents.
   Big, fiery blades are also staple armaments of hydra-hunters.
   It affects your intelligence (+2).
   It makes you vulnerable to fire.
   It greatly protects you from negative energy.
   It affects your magic capacity (+9).
 L - a +1 war axe of electrocution
 Y - a +4 mace of holy wrath
Missiles
 e - 3 curare-tipped needles
 p - 64 poisoned needles
Armour
 h - a +0 leather armour
 m - a +0 chain mail
 n - a +0 scale mail
 u - a +0 large shield (worn)
 y - a +0 pair of gloves (worn)
 B - a +0 pair of boots (worn)
 N - a +0 plate armour (worn)
Jewellery
 o - an amulet of guardian spirit (around neck)
 E - a ring of protection from magic (left hand)
 O - a +3 ring of protection (right hand)
 R - an uncursed ring of wizardry {unknown}
Magical devices
 r - a wand of flame (15)
 w - a wand of flame (4)
 I - a wand of random effects (0)
 J - a wand of polymorph (11)
 M - a wand of digging (11)
 Q - a wand of magic darts (13)
Scrolls
 j - 4 scrolls of enchant weapon
 k - 3 scrolls of remove curse {unknown}
 t - 2 scrolls of fear
 z - 2 scrolls of immolation
 A - a scroll of identify
 C - 2 scrolls of fog
 P - 2 scrolls of random uselessness {unknown}
 V - a scroll of holy word {unknown}
 X - a scroll of enchant armour {unknown}
Potions
 v - a potion of poison
 K - a potion of cancellation
 U - a potion of curing
 W - a potion of lignification
Books
 G - a book of Minor Magic

   Spells                             Type                      Level
   a - Magic Dart                     Conjuration                  1
   b - Blink                          Translocation                2
   c - Call Imp                       Summoning                    2
   d - Repel Missiles                 Charms/Air                   2
   e - Slow                           Hexes                        2
   f - Conjure Flame                  Conjuration/Fire             3
   g - Mephitic Cloud                 Conjuration/Poison/Air       3
 S - a Young Poisoner's Handbook

   Spells                             Type                      Level
   a - Sting                          Conjuration/Poison           1
   b - Cure Poison                    Poison                       2
   c - Mephitic Cloud                 Conjuration/Poison/Air       3
   d - Olgreb's Toxic Radiance        Poison                       4
   e - Venom Bolt                     Conjuration/Poison           5
Comestibles
 b - 6 bread rations
 c - 6 beef jerkies
 f - 2 royal jellies
 l - 9 meat rations
 s - 4 slices of pizza
 x - 9 fruits


   Skills:
 - Level 3.6 Fighting
 - Level 2.5(7.3) Short Blades
 - Level 11.5(11.7) Long Blades
 - Level 10.4 Axes
 * Level 10.4 Armour
 - Level 3.2 Dodging
 + Level 6.1 Shields
 - Level 4.3 Unarmed Combat
 - Level 5.4 Translocations


You had 8 spell levels left.
You knew the following spells:

 Your Spells              Type           Power        Failure   Level  Hunger
a - Blink                 Tloc           N/A          100%        2    ###....


Dungeon Overview and Level Annotations

Branches:
Dungeon (11/15)            Temple (0/1) D:5            Lair (0/8) D:11
    Orc (2/4) D:10

Altars:
Gozag
Kikubaaqudgha
Nemelex Xobeh
Ru
Xom

Shops:
D:5 }   D:7 :   D:9 [

Annotations:
D:2 Sigmund
D:3 Prince Ribbit
D:5 6 runed doors
D:10 gabygaby's ghost, experienced GrVM


Innate Abilities, Weirdness & Mutations

You reflexively headbutt those who attack you in melee.
You have a pair of horns on your head.
You cannot be stealthy.
You are hated by all.
You cannot study or cast Earth magic.
You cannot study or cast Hexes magic.
You cannot study or cast Summoning magic.
You take slightly more damage. (-3 AC)
Your casting is slightly disrupted.
You have large cloven feet.
Your mind is acute. (Int +2)
You expend magic power (3 MP) to slightly strengthen your wands.


Message History

The ice dragon tramples you but does no damage.
You hit the ice dragon. You burn the ice dragon.
Your headbutt misses the ice dragon.
The ice dragon is heavily wounded.
The ice dragon bites you but does no damage.
The ice dragon claws you but does no damage.
The ice dragon barely misses you.
You slash the ice dragon! You burn the ice dragon!
The ice dragon is severely wounded.
The ice dragon breathes frost at you. The blast of cold hits you!
* * * LOW HITPOINT WARNING * * *
You closely miss the ice dragon.
The ice dragon is severely wounded.
You hit the ice dragon. You burn the ice dragon.
The ice dragon is severely wounded.
The ice dragon breathes frost at you. The blast of cold hits you!
Ouch! That really hurt!
You die...

........... ..
...........#....
............#.....
...................
.........[..........
........#.#.........
..##........>........
#.....................
####
#...###@####......#$
...## ##D###......#
....# ##Y##........
...## #†###.......
...# #D ##..... #.##
YY .... .## ### ##. #
.## ##.## .. ..# #...#
..


You could see an ice dragon and a yak.

Vanquished Creatures
  An unseen horror (D:10)
  2 orc knights
  A polar bear (Orc:1)
  Grinder (D:5)
  4 trolls
  The ghost of datmedicine the Cudgeler, an average GrFi (D:5)
  7 yaks
  A deep elf mage (D:9)
  4 vampire mosquitoes (D:10)
  A hungry ghost (D:10)
  A wolf (Orc:1)
  A porcupine (D:11)
  2 water moccasins
  5 sky beasts
  2 ogres
  An eye of draining (D:10)
  3 centaurs
  3 phantoms
  A black bear (D:9)
  12 orc warriors
  Duvessa (D:4)
  12 giant frogs
  2 big kobolds
  A crocodile (D:8)
  Blork the orc (D:5)
  3 scorpions
  2 centaur zombies
  3 crimson imps
  A wight (D:11)
  A quasit (D:10)
  4 goliath beetles
  A giant frog zombie (D:9)
  9 killer bees
  Dowan (D:4)
  A jelly (D:11)
  6 hounds
  A giant frog skeleton (D:6)
  2 centaur skeletons
  9 orc priests
  5 worker ants
  3 iguanas
  20 orc wizards
  Jessica (D:2)
  2 worker ant zombies
  21 adders
  3 giant mites
  2 shadow imps
  3 worms
  2 adder skeletons
  5 giant geckos
  84 orcs
  3 ball pythons
  13 bats
  12 goblins
  15 hobgoblins
  23 kobolds
  An ooze (D:2)
  7 quokkas
  4 giant cockroaches
  4 giant newts
  A giant spore (D:9)
  11 jackals
  A quokka skeleton (D:5)
  2 quokka zombies (D:5)
  14 rats
  8 ballistomycetes
385 creatures vanquished.

Vanquished Creatures (others)
  A human (D:4)
  A killer bee (D:7)
  An orc priest (D:6)
  A worker ant (D:4)
  2 orcs
  A giant spore (D:6)
7 creatures vanquished.

Grand Total: 392 creatures vanquished

Notes
Turn   | Place    | Note
--------------------------------------------------------------
     0 | D:1      | datmedicine, the Minotaur Monk, began the quest for the Orb.
     0 | D:1      | Reached XP level 1. HP: 19/19 MP: 1/1
     2 | D:1      | Noticed a merfolk
     4 | D:1      | Noticed an octopode
     4 | D:1      | Noticed a vine stalker
     6 | D:1      | Noticed a tengu
     8 | D:1      | Noticed a vampire
    10 | D:1      | Noticed a dwarf
    10 | D:1      | Noticed a gargoyle
    12 | D:1      | Noticed a demonspawn
    12 | D:1      | Noticed an ogre
    14 | D:1      | Noticed a centaur
    14 | D:1      | Noticed a troll
    16 | D:1      | Noticed a minotaur
    16 | D:1      | Noticed a ghoul
    18 | D:1      | Noticed a human
    20 | D:1      | Noticed a formicid
    20 | D:1      | Noticed a demigod
    22 | D:1      | Noticed a naga
    22 | D:1      | Noticed an elf
    24 | D:1      | Noticed a felid
    26 | D:1      | Noticed a draconian
    26 | D:1      | Noticed a spriggan
   143 | D:2      | Reached skill level 1 in Armour
   148 | D:2      | Reached XP level 2. HP: 10/26 MP: 1/1
   640 | D:2      | Found a sparkling altar of Nemelex Xobeh.
   677 | D:2      | Reached XP level 3. HP: 29/31 MP: 2/2
   810 | D:3      | Found a sacrificial altar of Ru.
   815 | D:3      | Became a worshipper of Ru the Awakened
   825 | D:3      | Gained mutation: You take slightly more damage. (-3 AC) [Ru sacrifice]
   889 | D:2      | Noticed Jessica
  1404 | D:1      | Reached XP level 4. HP: 28/39 MP: 2/2
  1710 | D:2      | Killed Jessica
  1815 | D:2      | Reached skill level 5 in Armour
  1954 | D:2      | Noticed Sigmund
  2614 | D:3      | Reached skill level 1 in Axes
  2614 | D:3      | Reached XP level 5. HP: 43/45 MP: 2/2
  3473 | D:4      | Gained mutation: You cannot study or cast Earth magic. [Ru sacrifice]
  3473 | D:4      | Gained mutation: You cannot study or cast Hexes magic. [Ru sacrifice]
  3473 | D:4      | Gained mutation: You cannot study or cast Summoning magic. [Ru sacrifice]
  3473 | D:4      | Acquired Ru's first power
  3473 | D:4      | Acquired Ru's second power
  3502 | D:4      | Noticed Prince Ribbit
  3568 | D:3      | Reached XP level 6. HP: 40/51 MP: 3/3
  3735 | D:4      | Found an ancient bone altar of Kikubaaqudgha.
  3736 | D:4      | Noticed a human
  3738 | D:4      | Killed a human
  3919 | D:4      | Noticed Duvessa
  3919 | D:4      | Noticed Dowan
  4227 | D:4      | Killed Dowan
  4227 | D:4      | Reached skill level 5 in Axes
  4483 | D:5      | Entered Level 5 of the Dungeon
  4500 | D:5      | Found a runed door.
  4502 | D:5      | Found a runed door.
  4504 | D:5      | Found a runed door.
  4533 | D:5      | Noticed datmedicine's ghost (average GrFi)
  4591 | D:6      | Reached skill level 6 in Axes
  4634 | D:6      | Reached XP level 7. HP: 44/57 MP: 3/3
  4712 | D:6      | Reached skill level 7 in Axes
  4870 | D:6      | Found an opulent altar of Gozag.
  5179 | D:6      | Reached skill level 8 in Axes
  5519 | D:6      | HP: 2/57 [something (30)]
  5807 | D:7      | Reached skill level 9 in Axes
  5901 | D:7      | Reached XP level 8. HP: 56/64 MP: 3/3
  6261 | D:7      | Reached skill level 1 in Short Blades
  6418 | D:7      | Reached skill level 10 in Axes
  6444 | D:7      | Found Qyusydyu's Book Boutique.
  6476 | D:7      | Bought a book of Minor Magic for 220 gold pieces
  6479 | D:7      | Learned a level 2 spell: Blink
  6585 | D:7      | Got a scorched falchion
  6586 | D:7      | Identified the +6 falchion of the Viper {flame, rF- rN++ MP+9 Int+2} (You found it on level 7 of the Dungeon)
  6603 | D:7      | Reached skill level 1 in Long Blades
  7046 | D:7      | Gained mutation: You have large cloven feet. [potion of mutation]
  7046 | D:7      | Gained mutation: You expend magic power (3 MP) to slightly strengthen your wands. [potion of mutation]
  7046 | D:7      | Gained mutation: Your mind is acute. (Int +2) [potion of mutation]
  7047 | D:7      | Gained mutation: You cannot be stealthy. [Ru sacrifice]
  7452 | D:5      | Noticed Grinder
  7486 | D:5      | Killed datmedicine's ghost
  7486 | D:5      | Reached skill level 5 in Long Blades
  7550 | D:5      | Killed Grinder
  7550 | D:5      | Reached XP level 9. HP: 54/70 MP: 4/4
  7573 | D:5      | Noticed Blork the orc
  7596 | D:5      | Killed Blork the orc
  7703 | D:5      | Found a shimmering altar of Xom.
  7703 | D:5      | Found a runed door.
  7704 | D:5      | Found a runed door.
  7704 | D:5      | Found a runed door.
  7710 | D:5      | Found Zaidghei's Gadget Shoppe.
  7754 | D:5      | Found a staircase to the Ecumenical Temple.
  8132 | D:4      | Killed Duvessa
  9243 | D:8      | Reached skill level 10 in Long Blades
  9362 | D:9      | Gained mutation: Your casting is slightly disrupted. [Ru sacrifice]
  9362 | D:9      | Acquired Ru's third power
  9380 | D:9      | Reached skill level 1 in Translocations
  9752 | D:9      | Found Yraf Unk's Armour Shop.
  9819 | D:10     | Entered Level 10 of the Dungeon
  9963 | D:10     | Noticed gabygaby's ghost (experienced GrVM)
  9982 | D:9      | Reached XP level 10. HP: 42/77 MP: 4/4
 10600 | D:10     | Reached skill level 5 in Translocations
 10606 | D:10     | Found a staircase to the Orcish Mines.
 10653 | Orc:1    | Entered Level 1 of the Orcish Mines
 10656 | Orc:1    | Noticed an orc knight
 10759 | D:9      | Noticed a white ugly thing
 11459 | D:10     | Noticed a hill giant
 11583 | D:8      | Reached skill level 11 in Long Blades
 11670 | D:9      | Killed an orc knight
 12029 | D:10     | Reached skill level 1 in Shields
 12407 | D:10     | Killed an unseen horror
 12407 | D:10     | Reached XP level 11. HP: 79/82 MP: 4/4
 12573 | D:11     | Found a staircase to the Lair.
 12667 | D:11     | Gained mutation: You are hated by all. [Ru sacrifice]
 12707 | D:11     | Noticed a hill giant
 12849 | D:10     | Reached skill level 5 in Shields
 13102 | Orc:2    | Found a shimmering altar of Xom.
 13507 | Orc:2    | Reached skill level 10 in Armour
 14184 | Orc:1    | Noticed an ice dragon
 14212 | Orc:1    | Killed from afar by an ice dragon

Action                   |  1- 3 |  4- 6 |  7- 9 | 10-12 || total
-------------------------+-------+-------+-------+-------++-------
Melee: Unarmed           |    12 |       |       |       ||    12
       Club              |    36 |       |       |       ||    36
       Hand axe          |    12 |    63 |       |       ||    75
       Short sword       |       |   194 |   240 |       ||   434
       Falchion          |       |       |   273 |   611 ||   884
 Fire: Blowgun           |       |       |    16 |     8 ||    24
Invok: Sacrifice Health  |     1 |       |       |       ||     1
       Sacrifice Arcana  |       |     1 |       |       ||     1
       Sacrifice Stealth |       |       |     1 |       ||     1
       Sacrifice Essence |       |       |     1 |       ||     1
       Sacrifice Love    |       |       |       |     1 ||     1
Evoke: Wand              |       |       |       |     5 ||     5
  Use: Potion            |       |     1 |     7 |     4 ||    12
       Scroll            |       |       |    13 |     5 ||    18
 Stab: Sleeping          |     3 |       |       |       ||     3
       Invisible         |       |     1 |     1 |     1 ||     3
       Distracted        |       |       |     1 |     1 ||     2
  Eat: Chunk             |     2 |     9 |    15 |    15 ||    41
       Bread ration      |       |       |     1 |       ||     1
